 Dungeon Crawl Stone Soup version 0.24.0-123-gd5b16e6ec5 (webtiles) character file.

Game seed: 17956617162943350607, levelgen mode: deterministic

2768 Gildeon the Cleaver (level 9, -2/70 HPs)
             Began as a Minotaur Fighter on Dec 20, 2019.
             Was an Elder of Cheibriados.
             Slain by a vampire
             ... wielding a +0 dagger
              (7 damage)
             ... on level 7 of the Dungeon.
             The game lasted 00:13:01 (5264 turns).

Gildeon the Cleaver (Minotaur Fighter)              Turns: 5264, Time: 00:13:01

Health: -2/70      AC: 14    Str: 33    XL:     9   Next: 42%
Magic:  8/8        EV: 11    Int: 14    God:    Cheibriados [****..]
Gold:   362        SH: 11    Dex: 19    Spells: 8/8 levels left

rFire    . . .     SeeInvis .   a - +0 war axe
rCold    x . .     Gourm    .   c - +0 shield
rNeg     . . .     Faith    .   G - +0 plate armour
rPois    .         Spirit   .   (helmet restricted)
rElec    +         Reflect  .   (no cloak)
rCorr    +         Harm     .   z - +2 pair of gloves of Disaster {rElec rC- MR+ rCorr}
MR       +....                  (no boots)
Stlth    ..........             (no amulet)
HPRegen  0.21/turn              l - +6 ring of evasion
MPRegen  0.11/turn              v - ring of flight

@: very slow
A: retaliatory headbutt, horns 2
a: Bend Time, Temporal Distortion, Slouch, Renounce Religion, Evoke Flight


You were on level 7 of the Dungeon.
You worshipped Cheibriados.
Cheibriados was greatly pleased with you.
You were not hungry.

You visited 2 branches of the dungeon, and saw 8 of its levels.

You collected 362 gold pieces.

Inventory:

Hand Weapons
 a - a +0 war axe (weapon)
 b - a cursed -2 morningstar
Missiles
 t - 20 poisoned darts (quivered)
 E - 8 atropa-tipped darts
Armour
 c - a +0 shield (worn)
 z - the +2 pair of gloves of Disaster (worn) {rElec rC- MR+ rCorr}
   (You found it on level 7 of the Dungeon)

   It makes you vulnerable to cold.
   It insulates you from electricity.
   It affects your resistance to hostile enchantments.
   It provides partial protection from all sources of acid and corrosion.
 G - a +0 plate armour (worn)
Jewellery
 l - a +6 ring of evasion (left hand)
 v - a ring of flight (right hand)
Wands
 y - a wand of disintegration (20)
Scrolls
 i - 2 scrolls of random uselessness {unknown}
 j - 3 scrolls of immolation {unknown}
 k - 5 scrolls of remove curse {unknown}
 o - 6 scrolls of identify {unknown}
 p - 2 scrolls of noise {unknown}
 r - 5 scrolls of teleportation {unknown}
 u - 2 scrolls of blinking {unknown}
 w - 2 scrolls of magic mapping {unknown}
 x - a scroll of fear {unknown}
 B - a scroll of vulnerability {unknown}
 C - a scroll of fog {unknown}
 F - a scroll of enchant armour {unknown}
 I - a scroll of amnesia {unknown}
Potions
 d - 2 potions of might
 e - a potion of haste {unknown}
 g - 3 potions of degeneration {unknown}
 h - 5 potions of curing {unknown}
 m - 3 potions of brilliance {unknown}
 n - a potion of ambrosia {unknown}
 q - a potion of berserk rage {unknown}
 s - a potion of lignification {unknown}
 A - 2 potions of mutation {unknown}
 D - a potion of resistance {unknown}
 H - 2 potions of flight {unknown}
Comestibles
 f - 14 rations


   Skills:
 - Level 3.6 Fighting
 + Level 14.8 Axes
 - Level 3.6 Armour
 - Level 3.6 Shields


You had 8 spell levels left.
You didn't know any spells.
Your spell library was empty.

Dungeon Overview and Level Annotations

Branches:
Dungeon (7/15)             Temple (1/1) D:4

Altars:
Cheibriados
Elyvilon
Fedhas
Gozag
Hepliaklqana
Kikubaaqudgha
Makhleb
Nemelex Xobeh
Okawaru
Qazlal
Ru
Sif Muna
Trog
Uskayaw
Vehumet
Wu Jian
Xom
Yredelemnul
The Shining One

Annotations:
D:7 1 transporter


Innate Abilities, Weirdness & Mutations

You reflexively headbutt those who attack you in melee.
You have a pair of horns on your head.


Message History

Something draws strength from your injuries!
You slash the killer bee zombie!
You destroy the killer bee zombie!
Cheibriados thoroughly appreciates the change of pace.
You hit the mummy. You closely miss something.
Something hits you but does no damage. Something bites you!
* * * LOW HITPOINT WARNING * * *
Something draws strength from your injuries!
You barely miss the mummy.
The mummy is moderately damaged.
You hit something but do no damage. The mummy hits you but does no damage.
You hit the mummy.
You headbutt the mummy, but do no damage.
The mummy is severely damaged.
You hit something but do no damage.
You hit the centaur zombie but do no damage.
The centaur zombie barely misses you. You furiously retaliate!
You headbutt the centaur zombie! Something hits you but does no damage.
Something bites you!
You die...

##..######...####### #.
########..#)......©.......# ##.
....##......#############.#####..
............#...........#.#.....<
............#...........#.#......
............#..##)..##..#.#......
............#..#8...8#..#.#......
.......))...#..##M..##..#........
......).....#..(@{©.....#.#......
.........<..#..##Z..##..#.#......
............#..#8...8#.M#.#......
..>.##......#..##...##.M#........
###########.#...........#..######
#.#©)$_.⌠._...#.[#
#.#############..#
#.......©........#
#######..........#


You could see a mummy and a centaur zombie.

Vanquished Creatures
  The ghost of VanClaymore the Cudgeler, a novice GrMo of Qazlal (D:5)
  A vampire (D:7)
  Eustachio (D:4)
  Menkaure (D:4)
  2 orc warriors
  An ice beast (D:5)
  A sky beast (D:7)
  2 centaurs
  3 ogres
  2 bullfrogs (D:6)
  A scorpion (D:5)
  3 howler monkeys
  A crimson imp (D:6)
  A bullfrog skeleton (D:7)
  A hound (D:6)
  3 orc priests (D:4)
  A centaur skeleton (D:4)
  4 iguanas
  8 orc wizards
  7 worker ants
  2 killer bee zombies
  A mummy (D:7)
  Robin (D:2)
  3 gnolls (D:5)
  9 adders
  An ooze (D:1)
  An adder zombie (D:5)
  2 worms
  2 dart slugs (D:1)
  7 leopard geckos
  26 orcs
  4 bats
  4 giant cockroaches
  16 goblins
  19 hobgoblins
  8 jackals
  6 kobolds
  2 quokkas
  2 ball pythons
  8 frilled lizards
  2 jackal skeletons (D:4)
  9 rats
180 creatures vanquished.

Notes
Turn   | Place    | Note
-------+----------+-------------------------------------------
     0 | D:1      | Gildeon the Minotaur Fighter began the quest for the Orb.
     0 | D:1      | Reached XP level 1. HP: 19/19 MP: 0/0
    65 | D:1      | Reached skill level 3 in Axes
   172 | D:1      | Reached XP level 2. HP: 24/26 MP: 1/1
   506 | D:1      | Reached skill level 4 in Axes
   577 | D:2      | Noticed Robin
   582 | D:2      | Reached XP level 3. HP: 29/31 MP: 2/2
   591 | D:2      | Killed Robin
   788 | D:2      | Reached skill level 5 in Axes
   930 | D:2      | Reached XP level 4. HP: 31/39 MP: 3/3
  1288 | D:2      | Found a radiant altar of Vehumet.
  1288 | D:2      | Found an ornate altar of the Wu Jian Council.
  1292 | D:2      | You fall into a shaft and drop 2 floors!
  1292 | D:4      | Noticed an ogre
  1301 | D:4      | Reached skill level 6 in Axes
  1302 | D:4      | Reached XP level 5. HP: 44/45 MP: 4/4
  1304 | D:4      | Killed an ogre
  1304 | D:4      | Reached skill level 7 in Axes
  1309 | D:4      | Noticed Menkaure
  1315 | D:4      | Killed Menkaure
  1315 | D:4      | Reached skill level 8 in Axes
  1315 | D:4      | Reached XP level 6. HP: 17/51 MP: 5/5
  1333 | D:4      | Noticed Eustachio
  1337 | D:4      | Killed Eustachio
  1337 | D:4      | Reached skill level 9 in Axes
  1337 | D:4      | Reached XP level 7. HP: 8/57 MP: 6/6
  1635 | D:4      | Found a staircase to the Ecumenical Temple.
  1644 | Temple   | Entered the Ecumenical Temple
  1653 | Temple   | Became a worshipper of Cheibriados the Contemplative
  1900 | D:3      | Found an iron altar of Okawaru.
  2121 | D:3      | Found a glowing golden altar of the Shining One.
  2129 | D:3      | Reached * piety under Cheibriados
  2152 | D:3      | Reached skill level 10 in Axes
  2887 | D:4      | Reached ** piety under Cheibriados
  3166 | D:4      | Reached skill level 11 in Axes
  3224 | D:4      | Reached XP level 8. HP: 64/64 MP: 7/7
  3606 | D:5      | Entered Level 5 of the Dungeon
  3716 | D:5      | Reached skill level 12 in Axes
  3753 | D:5      | Found a runed translucent door.
  3753 | D:5      | Noticed VanClaymore's ghost (novice GrMo)
  3758 | D:5      | Killed VanClaymore's ghost
  3758 | D:5      | Reached *** piety under Cheibriados
  3924 | D:5      | Reached skill level 13 in Axes
  4188 | D:6      | Reached XP level 9. HP: 66/70 MP: 8/8
  4657 | D:6      | Reached skill level 14 in Axes
  4756 | D:7      | Found a transporter.
  4756 | D:7      | Found a basalt altar of Yredelemnul.
  4759 | D:7      | Reached **** piety under Cheibriados
  4782 | D:7      | Found a transporter.
  5064 | D:7      | Found an ancient bone altar of Kikubaaqudgha.
  5109 | D:7      | Got a pair of faintly humming gloves
  5115 | D:7      | Identified the +2 pair of gloves of Disaster {rElec rC- MR+
                  | rCorr} (You found it on level 7 of the Dungeon)
  5264 | D:7      | Slain by a vampire

Levels and vault maps discovered:
D:1:      dpeg_arrival_pond, layout_rooms
D:2:      layout_rooms, chequers_temple_overflow_statue_of_worship, uniq_robin
D:3:      layout_basic, nicolae_overflow_hidden_temple,
          kennysheep_okawaru_gauntlet
D:4:      layout_basic, minmay_temple_entry_drinking_statues, first_ration,
          minmay_bisected, uniq_eustachio, uniq_menkaure
D:5:      layout_basic, ebering_ghost_reflecting_pool
D:6:      layout_loops_ring
D:7:      layout_rooms, gammafunk_temple_of_torment
Temple:   cyrus_circular_temple

Skill      XL: |  1  2  3  4  5  6  7  8  9 |
---------------+----------------------------+-----
Axes           | 3 4 5 6 8 9 11 13 14 | 14.8
Fighting       | |  3.6
Armour         | |  3.6
Shields        | |  3.6

Action                   |  1- 3 |  4- 6 |  7- 9 || total
-------------------------+-------+-------+-------++-------
Melee: War axe           |    60 |    31 |   234 ||   325
       Headbutt          |     8 |     6 |    53 ||    67
       Spear             |       |       |     3 ||     3
Throw: Dart              |       |       |     7 ||     7
  Use: Potion            |       |     1 |     1 ||     2
  Eat: Chunk             |       |     1 |     8 ||     9
Armor: Scale mail        |    24 |    15 |    37 ||    76
       Chain mail        |       |       |    23 ||    23
       Plate armour      |       |       |    21 ||    21
Dodge: Dodged            |    16 |     9 |   100 ||   125
Block: Shield            |    43 |    14 |   136 ||   193
